 Dungeon Crawl Stone Soup version 0.28.0-53-g5a82cb258f (webtiles) character file.

Game seed: 4878431836480940172

67 cbfl8 the Skirmisher (level 3, -3/29 HPs)
             Began as a Demonspawn Berserker on July 18, 2022.
             Was a Believer of Trog.
             Shot with a stone by a goblin (4 damage)
             ... on level 3 of the Dungeon.
             The game lasted 00:01:27 (1828 turns).

cbfl8 the Skirmisher (Demonspawn Berserker)         Turns: 1828, Time: 00:01:29

Health: -3/29      AC: 11    Str: 19    XL:     3   Next: 98%
Magic:  3/3        EV:  6    Int:  8    God:    Trog [**....]
Gold:   81         SH:  0    Dex: 12    Spells: 2/2 levels left

rFire   . . .      SeeInvis .   l - +0 war axe
rCold   . . .      Faith    .   (no shield)
rNeg    . . .      Spirit   .   e - +0 plate armour
rPois   .          Reflect  .   (no helmet)
rElec   .          Harm     .   (no cloak)
rCorr   .          Rampage  .   (no gloves)
Will    .....                   (no boots)
Stlth   ..........              (no amulet)
HPRegen 0.09/turn               (no ring)
MPRegen 0.08/turn               (no ring)

@: no status effects
A: ignite blood 2
a: Renounce Religion, Berserk, Trog's Hand


You were on level 3 of the Dungeon.
You worshipped Trog.
Trog was pleased with you.
You visited 1 branch of the dungeon, and saw 3 of its levels.

You collected 81 gold pieces.

Inventory:

Hand Weapons
 a - a +0 hand axe
 l - a +0 war axe (weapon)
Armour
 b - a +0 animal skin
 c - a +0 ring mail
 e - a +0 plate armour (worn)
Scrolls
 d - a scroll of fear {unknown}
 f - a scroll of identify {unknown}
 j - a scroll of blinking {unknown}
 n - 3 scrolls of enchant armour {unknown}
 o - a scroll of acquirement {unknown}
Potions
 g - a potion of resistance {unknown}
 h - a potion of might {unknown}
 i - 3 potions of mutation {unknown}
 k - a potion of flight {unknown}
 m - a potion of heal wounds {unknown}


   Skills:
 + Level 3.6 Fighting
 + Level 3.5 Axes
 + Level 2.2 Armour
 + Level 2.0 Dodging


You had 2 spell levels left.
You didn't know any spells.
Your spell library was empty.

Dungeon Overview and Level Annotations

Branches:
Dungeon (3/15)

Altars:

Shops:
D:2 !


Innate Abilities, Weirdness & Mutations

Your demonic aura often causes spilled blood to erupt in flames.


Message History

Unknown command.
You are too confused!
Unknown command.
You are too confused!
Unknown command.
You are too confused!
You miss something. Something hits you but does no damage.
The goblin shoots a stone.
The stone hits you but does no damage.
You bump into the rock wall.
Something hits you.
The goblin shoots a stone.
The stone hits you but does no damage.
You hit something but do no damage. Something hits you but does no damage.
The goblin shoots a stone.
Something completely misses you.
You bump into the rock wall.
The goblin shoots a stone.
The stone hits you but does no damage. Something hits you but does no damage.
You're too confused to move!
The goblin shoots a stone.
The stone hits you but does no damage.
You hear some strange, mumbled words.
A magic dart appears from out of thin air!
The magic dart hits you!
You bump into the rock wall.
You feel less confused.
You hear some strange, mumbled words.
Something tries to affect you, but you resist.
You slash something! Trog accepts your kill.
Trog appreciates your killing of a magic user.
Reactivating autopickup.
You feel a bit more experienced.
The goblin shoots a stone.
The stone hits you but does no damage.
You barely miss the orc. The orc closely misses you.
You hit the orc but do no damage.
The orc hits you with a +6 flail of protection!
* * * LOW HITPOINT WARNING * * *
You hit the orc.
The orc is moderately wounded.
The orc is engulfed in blazing flames.
You kill the orc!
Trog accepts your kill.
The goblin shoots a stone.
The stone hits you.
You die...

..... . ...!
.##
...#####..##
#.........#
#.........#
#.........#.
#..†........
#.#<######..
#@# #§# #g.
.... .....
.......
........
..........


You could see a goblin.

Vanquished Creatures
  An orc wizard (D:3)
  An adder (D:2)
  3 orcs (D:3)
  7 bats
  2 endoplasms
  A giant cockroach (D:1)
  3 goblins
  3 hobgoblins
  5 kobolds
  4 quokkas
  6 ball pythons
  3 frilled lizards (D:1)
  3 rats
42 creatures vanquished.

Notes
Turn   | Place    | Note
-------+----------+-------------------------------------------
     0 | D:1      | cbfl8 the Demonspawn Berserker began the quest for the Orb.
     0 | D:1      | Reached XP level 1. HP: 18/18 MP: 1/1
    55 | D:1      | Found a faded altar of an unknown god.
   260 | D:1      | Gained mutation: Your demonic aura sometimes causes spilled
                  | blood to erupt in flames. [demonic ancestry]
   260 | D:1      | Reached XP level 2. HP: 22/24 MP: 2/2
   628 | D:1      | Reached ** piety under Trog
   985 | D:2      | Gained mutation: Your demonic aura often causes spilled
                  | blood to erupt in flames. [demonic ancestry]
   985 | D:2      | Reached XP level 3. HP: 15/29 MP: 3/3
  1561 | D:2      | Found Xiumnoec's Distillery.
  1827 | D:3      | HP: 1/29 [orc/+6 flail of protection (12)]
  1828 | D:3      | Shot with a stone by a goblin

Illustrated notes

Levels and vault maps discovered:
D:1:      ncdulo_smallfort, layout_basic, chequers_ecumenical_altar_twisty,
          st_stairs_5, minmay_unequal
D:2:      layout_rooms, serial_shops, nicolae_shop_stone
D:3:      layout_basic

Skill      XL: |  1  2 |
---------------+-------+-----
Armour         | 2 |  2.2
Axes           | 3 |  3.5
Dodging        | 2 |  2.0
Fighting       | |  3.6

Action                   || total
-------------------------++-------
Melee: Hand axe          ||    66
       Punch             ||     2
       War axe           ||    31
Armor: Plate armour      ||    84
       Ring mail         ||     2
Dodge: Dodged            ||    39
